 Dungeon Crawl Stone Soup version 0.19-a0 (webtiles) character file.

98 Zhenya25pyc the Shield-Bearer (level 4, 0/29 HPs)
             Began as a Gargoyle Fighter on Apr 27, 2016.
             Killed by nerve-wracking pain
             ... invoked by Jessica
              (8 damage)
             ... on level 3 of the Dungeon.
             The game lasted 00:05:17 (2066 turns).

Zhenya25pyc the Shield-Bearer (Gargoyle Fighter)    Turns: 2066, Time: 00:05:19

Health: 0/29       AC: 10    Str: 21    XL:     4   Next: 69%
Magic:  4/4        EV:  7    Int:  8    God:
Gold:   171        SH:  9    Dex:  9    Spells: 0 memorised, 3 levels left

rFire  . . .     SeeInvis .     a - +0 flail
rCold  . . .     Gourm    .     b - +0 scale mail
rNeg   + . .     Faith    .     c - +0 shield
rPois  ∞         Spirit   .     (no helmet)
rElec  +         Dismiss  .     (no cloak)
rCorr  .         Reflect  .     (no gloves)
SustAt .         Harm     .     (no boots)
MR     .....                    (no amulet)
Stlth  ..........               (no ring)
                                (no ring)

@: not resistant to hostile enchantments, extremely unstealthy
A: negative energy resistance 1, electricity resistance, unbreathing,
petrification resistance, rot immunity, AC +3
a: no special abilities


You were on level 3 of the Dungeon.
You were not hungry.

You visited 1 branch of the dungeon, and saw 3 of its levels.

You collected 171 gold pieces.

Inventory:

Hand Weapons
 a - a +0 flail (weapon)
Armour
 b - a +0 scale mail (worn)
 c - a +0 shield (worn)
Wands
 m - a wand of disintegration (1/24)
Scrolls
 e - 2 scrolls of identify {unknown}
 h - a scroll of immolation {unknown}
 j - a scroll of remove curse {unknown}
Potions
 d - a potion of might
 i - 2 potions of curing {unknown}
 k - 3 potions of degeneration {unknown}
 l - a potion of heal wounds {unknown}
 n - a potion of ambrosia {unknown}
Comestibles
 f - 4 bread rations
 g - a meat ration


   Skills:
 + Level 3.8 Fighting
 * Level 3.1 Maces & Flails
 + Level 3.9 Armour
 + Level 4.1 Shields


You had 3 spell levels left.
You didn't know any spells.

Dungeon Overview and Level Annotations

Branches:
Dungeon (3/15)

Altars:
Pakellas

Annotations:
D:3 Jessica


Innate Abilities, Weirdness & Mutations

You are resistant to torment.
Your stone body is resilient (AC +3).
You are immune to poison.
You resist negative energy.
You are resistant to electric shocks.
You can survive without breathing.
You are immune to petrification.
You are immune to rotting.


Message History

The ooze is lightly wounded.
You block the ooze's attack.
Jessica mumbles something strange.
You block the ooze's attack.
You hit the ooze.
The ooze is severely wounded.
The ooze closely misses you.
You hit the ooze.
You kill the ooze!
You hit Jessica but do no damage. Jessica hits you but does no damage.
You block Jessica's attack.
You closely miss Jessica. Jessica hits you but does no damage.
You hit Jessica but do no damage. Jessica hits you but does no damage.
Your shield and scale mail prevent you from hitting Jessica.
Jessica gestures at you while chanting. Pain shoots through your body!
* * * LOW HITPOINT WARNING * * *
Jessica points at you and mumbles some strange words.
Pain shoots through your body!
You die...

#...÷.....# #.......#.#
#.......#.# #.......#.#
#.....#.#.# #######...#
##..# #..# #@>#
#@#######
################g.......
.......()(@......)....[.
........(...............
≈@g.≈.≈.≈....≈≈..≈≈...≈.
≈≈≈≈≈≈≈≈≈≈≈≈≈≈≈≈≈≈≈≈≈≈≈≈
≈≈≈≈≈≈≈≈≈≈≈≈≈≈≈≈≈≈≈≈≈≈≈≈
≈≈≈≈≈≈≈≈≈≈≈≈≈≈≈≈≈≈≈≈≈≈≈≈


You could see Jessica and a goblin.

Vanquished Creatures
  2 adders
  An ooze (D:3)
  2 worms
  A dart slug (D:3)
  5 orcs (D:3)
  A giant cockroach (D:3)
  8 goblins
  11 hobgoblins
  3 jackals (D:2)
  4 quokkas
  A ball python (D:2)
  6 bats
  3 giant newts
  3 kobolds
  7 rats
58 creatures vanquished.

Vanquished Creatures (others)
  A kobold (D:1)
  A rat (D:1)
2 creatures vanquished.

Grand Total: 60 creatures vanquished

Notes
Turn   | Place    | Note
--------------------------------------------------------------
     0 | D:1      | Zhenya25pyc the Gargoyle Fighter began the quest for the Orb.
     0 | D:1      | Reached XP level 1. HP: 14/14 MP: 1/1
   148 | D:1      | Reached XP level 2. HP: 19/19 MP: 2/2
   762 | D:2      | Reached XP level 3. HP: 23/23 MP: 3/3
  1461 | D:3      | Reached XP level 4. HP: 28/28 MP: 4/4
  1728 | D:3      | Reached skill level 4 in Shields
  1820 | D:3      | Found an oddly glowing altar of Pakellas.
  1962 | D:3      | Noticed Jessica
  2066 | D:3      | Killed from afar by Jessica

Vault maps used:
D:1:      dpeg_arrival_pond, lemuel_old_faithful
D:2:      minmay_box_of_dots
D:3:      minmay_goblin_kobold_castle, johnstein_pakellas_dig, first_bread,
          serial_park_tiny_pond, uniq_jessica

Skill      XL: |  1  2  3  4 |
---------------+-------------+-----
Maces & Flails | 3 |  3.1
Shields        | 4 |  4.1
Fighting       | |  3.8
Armour         | |  3.9

Action                   |  1- 3 |  4- 6 || total
-------------------------+-------+-------++-------
Melee: Flail             |   155 |    80 ||   235
       Unarmed           |       |     2 ||     2
  Eat: Chunk             |     2 |     2 ||     4
Armor: Scale mail        |   101 |    53 ||   154
Dodge: Dodged            |    54 |    47 ||   101
Block: Shield            |    84 |    58 ||   142
